Map: 瑟拉斯废墟

Players

shengy - Winner!

  • Race: Zerg Zerg
  • League: Platinum

Wind

  • Race: Protoss Protoss
  • League: Diamond

VOD

Have the link to the VOD?

Description

Time

  • Played on: Dec. 30, 2015, 10:15 p.m.
  • Length: 5:32
Show
View Real Time Build Order
Export as new Build Order

shengy Zerg - Winner!

Build Orders: Pool First 

Get SALT Encoding   

  12  0:01  Drone  
  13  0:09  Drone  
  14  0:17  Overlord  
  14  0:25  Extractor  
  14  0:26  Drone  
  15  0:36  Drone x2  
  17  0:46  Spawning Pool  
  16  0:55  Drone x2  
  18  1:05  Extractor  
  18  1:08  Drone  
  18  1:26  Hatchery  
  17  1:33  Queen  
  17  1:36  Zergling x2  
  20  1:52  Drone  
  20  1:53  Drone  
  22  1:59  Overlord  
  22  2:17  Queen  
  24  2:24  Metabolic Boost  
  24  2:29  Evolution Chamber  
  23  2:36  Baneling Nest  
  22  2:46  Drone  
  22  2:47  Drone x4  
  27  3:10  Overlord  
  27  3:17  Zergling x6  
  27  3:18  Zergling x4  
  32  3:21  Zergling x4  
  32  3:22  Zergling x2  
  35  3:42  Zergling x2  
  35  3:43  Zergling x8  
  40  3:53  Overlord  
  40  3:55  Drone x3  
  43  4:05  Zergling x2  
  44  4:21  Zergling x6  
  44  4:22  Zergling x4  
  46  4:51  Zergling x12  
  46  4:52  Zergling x2  
  51  4:58  Zergling x4  
  51  4:59  Zergling x2  
  51  5:06  Zergling x2  
  51  5:07  Overlord  
Show
View Real Time Build Order
Export as new Build Order

Wind Protoss 

Build Orders: 1 Gate Expand 

Get SALT Encoding   

  12  0:01  Probe (Chrono Boost)  
  13  0:11  Probe (Chrono Boost)  
  14  0:19  Pylon  
  14  0:23  Probe (Chrono Boost)  
  15  0:37  Probe (Chrono Boost)  
  15  0:41  Gateway  
  16  0:48  Probe (Chrono Boost)  
  17  0:58  Probe (Chrono Boost)  
  18  1:17  Nexus  
  18  1:22  Assimilator  
  18  1:26  Probe (Chrono Boost)  
  19  1:37  Probe (Chrono Boost)  
  20  1:42  Cybernetics Core  
  20  1:44  Assimilator  
  20  1:49  Probe (Chrono Boost)  
  21  1:59  Pylon, Probe (Chrono Boost)  
  22  2:16  Probe (Chrono Boost)  
  22  2:19  Adept  
  22  2:20  Warp Gate  
  25  2:26  Probe (Chrono Boost)  
  26  2:40  Gateway  
  27  2:44  Probe (Chrono Boost)  
  27  2:51  Gateway  
  27  2:54  Probe (Chrono Boost)  
  27  3:01  Probe (Chrono Boost)  
  27  3:02  Pylon  
  27  3:05  Probe (Chrono Boost)  
  29  3:12  Probe (Chrono Boost)  
  30  3:22  Probe (Chrono Boost)  
  30  3:24  Stalker  
  30  3:26  Probe (Chrono Boost)  
  34  3:28  Pylon  
  34  3:33  Pylon  
  34  3:39  Twilight Council  
  34  3:42  Probe (Chrono Boost)  
  34  3:48  Pylon  
  35  3:52  Twilight Council  
  35  3:55  Probe (Chrono Boost)  
  36  4:08  Probe x2 (Chrono Boost)  
  40  4:14  Assimilator  
  40  4:19  Probe x2 (Chrono Boost)  
  40  4:26  Assimilator  
  40  4:30  Mothership Core (Chrono Boost)  
  42  4:32  Adept x2  
  20  4:53  Adept  
  22  5:04  Adept  
Tags
 
Add a new tag
Caveats
  • Supply blocks, unpowered buildings, or Contaminate may cause inaccurate times.
  • Supply counts are checked every 10 seconds.